 Dungeon Crawl Stone Soup version 0.27-a0-860-gaf99fae3ca (webtiles) character file.

Game seed: 15715486359107835617

164642 spiderkeys the Bewitcher (level 17, -4/88 HPs)
             Began as a Spriggan Enchanter on Apr 2, 2021.
             Was the Champion of Dithmenos.
             Blown up by an orb spider (48 damage)
             ... with an orb of destruction
             ... on level 1 of the Spider Nest.
             The game lasted 01:53:31 (42075 turns).

spiderkeys the Bewitcher (Spriggan Enchanter)      Turns: 42075, Time: 01:53:32

Health: -4/88      AC:  6    Str:  3 (4)  XL:     17   Next: 26%
Magic:  32/32      EV: 27    Int: 29      God:    Dithmenos [******]
Gold:   1525       SH:  5    Dex: 21      Spells: 17/36 levels left

rFire    . . .     SeeInvis +   b - +9 hand crossbow of Roski {elec, rPois rC+++ MP-9 Dex+2}
rCold    + + +     Faith    .   (shield restricted)
rNeg     . . .     Spirit   .   A - +0 troll leather armour
rPois    +         Reflect  +   R - +2 hat {Int+3}
rElec    .         Harm     .   (no cloak)
rCorr    .         Rampage  .   (gloves unavailable)
Will     ++...                  (boots unavailable) Stlth **++++++++
                                O - amulet of reflection
HPRegen  1.24/turn              x - ring of magical power
MPRegen  0.23/turn              D - +6 ring of intelligence

@: wreathed by umbra, very quick
A: very small, no large weapons, unfitting armour, see invisible, speed 3
a: Renounce Religion, Shadow Step, Shadow Form


You were on level 1 of the Spider Nest.
You worshipped Dithmenos.
Dithmenos was exalted by your worship.
You visited 5 branches of the dungeon, and saw 25 of its levels.
You also visited: Sewer and Bailey.

You collected 2455 gold pieces.
You spent 930 gold pieces at shops.

Inventory:

Hand Weapons
 a - the +7 short sword "Ligisiyl" {vamp, Will+}
   (You found it on level 11 of the Dungeon)

   It inflicts no extra harm, but heals its wielder when it wounds a living foe.
   It increases your willpower.
 b - the +9 hand crossbow of Roski (weapon) {elec, rPois rC+++ MP-9 Dex+2}
   (You found it in a bailey)

   It charges the ammunition it shoots with electricity; occasionally upon a
   hit, such missiles may discharge and cause terrible harm.
   It affects your dexterity (+2).
   It renders you almost immune to cold.
   It protects you from poison.
   It affects your magic capacity (-9).
 S - a +2 short sword of flaming
Missiles
 F - 10 bolts (quivered ammo)
 T - 8 curare-tipped darts
Armour
 A - a +0 troll leather armour (worn)
 J - a +2 robe of cold resistance
 K - a +0 hat of stealth
 R - a +2 hat of intelligence (worn)
Jewellery
 u - an amulet of guardian spirit
 x - a ring of magical power (left hand)
 D - a +6 ring of intelligence (right hand)
 M - an amulet of magic regeneration
 O - an amulet of reflection (around neck)
 U - a ring of flight
 W - a ring of willpower
Wands
 c - a wand of flame (25)
 g - a wand of paralysis (2)
 n - a wand of mindburst (29)
 v - a wand of acid (20)
 z - a wand of polymorph (12)
 N - a wand of iceblast (12)
 P - a wand of charming (6)
 V - a wand of random effects (10)
Scrolls
 q - 7 scrolls of fog
 r - 3 scrolls of blinking
 s - 2 scrolls of enchant weapon
 w - 3 scrolls of amnesia
 y - 4 scrolls of enchant armour
 B - 6 scrolls of identify
 G - 2 scrolls of magic mapping
 H - 6 scrolls of teleportation
 L - a scroll of fear
 Q - 3 scrolls of summoning
Potions
 d - 11 potions of curing
 e - 4 potions of cancellation
 f - 3 potions of mutation
 h - 5 potions of attraction
 i - a potion of berserk rage
 j - 4 potions of might
 k - 5 potions of haste
 l - 6 potions of heal wounds
 m - 8 potions of lignification
 o - 3 potions of brilliance
 p - a potion of invisibility
 t - 5 potions of magic
 C - 3 potions of ambrosia
 I - 5 potions of flight
Miscellaneous
 E - a box of beasts


   Skills:
 * Level 9.7 Fighting
 + Level 12.8 Short Blades
 - Level 10.0 Crossbows
 + Level 15.0 Dodging
 - Level 15.1 Stealth
 - Level 10.0 Spellcasting
 + Level 16.1 Hexes
 - Level 9.3 Transmutations
 + Level 2.1 Earth Magic
 * Level 10.1 Evocations


You had 17 spell levels left.
You knew the following spells:

 Your Spells              Type           Power      Damage    Failure   Level
a - Corona                Hex            92%        N/A       0%          1
b - Ensorcelled Hibernat  Hex/Ice        100%       N/A       1%          2
c - Confusing Touch       Hex            83%        N/A       1%          3
d - Beastly Appendage     Tmut           100%       N/A       1%          1
e - Tukima's Dance        Hex            83%        N/A       1%          3
f - Hydra Form            Tmut           31%        N/A       4%          5
g - Petrify               Tmut/Erth      47%        N/A       7%          4

Your spell library contained the following spells:

 Spells                   Type           Power      Damage    Failure   Level
 Slow                     Hex            83%        N/A       0%          2
 Sting                    Tmut/Pois      100%       1d8       1%          1
 Passwall                 Tmut/Erth      39%        N/A       1%          2
 Wereblood                Tmut           62%        N/A       1%          2
 Dazzling Flash           Conj/Hex       100%       N/A       1%          3
 Inner Flame              Hex/Fire       57%        N/A       1%          3
 Summon Guardian Golem    Hex/Summ       57%        N/A       1%          3
 Sandblast                Erth           52%        2d12      3%          1
 Spider Form              Tmut/Pois      20%        N/A       3%          3
 Ignite Poison            Fire/Tmut/Pois 32%        N/A       6%          3
 Animate Skeleton         Necr           28%        N/A       8%          1
 Apportation              Tloc           28%        N/A       8%          1
 Magic Dart               Conj           56%        1d5       8%          1
 Pain                     Necr           56%        1d6       8%          1
 Summon Small Mammal      Summ           56%        N/A       8%          1
 Summon Mana Viper        Hex/Summ       57%        N/A       8%          5
 Blink                    Tloc           N/A        N/A       11%         2
 Call Imp                 Summ           14%        N/A       11%         2
 Poisonous Vapours        Pois/Air       28%        N/A       11%         2
 Ice Form                 Ice/Tmut       41%        N/A       11%         4
 Stone Arrow              Conj/Erth      40%        3d9       14%         3
 Call Canine Familiar     Summ           14%        N/A       22%         3
 Conjure Flame            Conj/Fire      14%        6-21      22%         3
 Mephitic Cloud           Conj/Pois/Air  14%        N/A       22%         3
 Olgreb's Toxic Radiance  Pois           14%        N/A       58%         4
 Sticky Flame             Conj/Fire      14%        2d4       58%         4
 Summon Ice Beast         Ice/Summ       14%        N/A       58%         4
 Summon Lightning Spire   Summ/Air       14%        N/A       58%         4
 Lee's Rapid Deconstruct  Erth           13%        3d10*     65%         5
 Borgnjor's Vile Clutch   Necr/Erth      10%        N/A       80%         5
 Freezing Cloud           Conj/Ice/Air   7%         6-21      100%        6
 Starburst                Conj/Fire      7%         8x6d4     100%        6


Dungeon Overview and Level Annotations

Branches:
Dungeon (15/15)            Temple (1/1) D:6            Lair (6/6) D:9
 Shoals (0/4) Lair:2       Spider (1/4) Lair:2        Slime (0/5) Lair:6
    Orc (2/2) D:9             Elf (0/3) Orc:2        Vaults (0/5) D:13
 Depths (0/5) D:15          Sewer (visited)          Bailey (visited)

Altars:
Ashenzari
Cheibriados
Dithmenos
Elyvilon
Fedhas
Gozag
Hepliaklqana
Kikubaaqudgha
Makhleb
Nemelex Xobeh
Okawaru
Qazlal
Ru
Sif Muna
Trog
Uskayaw
Vehumet
Wu Jian
Xom
Yredelemnul
Zin
The Shining One
Jiyva

Shops:
Orc:1 [   Orc:2 [:!*

Portals:
Pandemonium: Orc:2


Innate Abilities, Weirdness & Mutations

You are very small and have problems with some larger weapons.
You are too small for most types of armour.
You have supernaturally acute eyesight. (SInv)
You cover ground extremely quickly. (Speed+++)


Message History

This branch is unnaturally silent, and so sound travels much further.
This branch contains the gossamer rune of Zot.
The electric eel shoots out a bolt of lightning at you!
The bolt of electricity misses you.
There is a crawl-hole back to the Lair, spattered with blood here.
You shoot a bolt.
The bolt hits the orb spider but does no damage.
Lightning courses through the orb spider!
The orb spider is almost dead.
Your shadow shoots a bolt.
The bolt hits the orb spider but does no damage.
The orb of destruction hits a rock wall.
The electric eel shoots out a bolt of lightning at you!
The bolt of electricity misses you.
The orb of destruction hits a rock wall.
The orb spider pulsates with a strange energy.
You shoot a bolt. The bolt closely misses the orb spider.
Your shadow shoots a bolt.
The bolt hits the orb spider.
The orb spider weaves a glowing orb of energy.
The electric eel shoots out a bolt of lightning at you!
The bolt of electricity hits you!
An orb of destruction comes into view.
You shoot a bolt. The bolt hits the orb spider.
Lightning courses through the orb spider!
You kill the orb spider!
Dithmenos accepts your kill.
The orb spider weaves a glowing orb of energy.
An orb of destruction comes into view.
You shoot a bolt. The bolt hits the orb spider!
Lightning courses through the orb spider!
The orb spider is severely wounded.
The orb of destruction hits you!!!
Ouch! That really hurt!
You emit a cloud of dark smoke.
The electric eel shoots out a bolt of lightning at you!
The bolt of electricity hits you!
* * * LOW HITPOINT WARNING * * *
You feel much better. The orb of destruction hits you!!!
Ouch! That really hurt!
You die...

##..... #.. .#....
##...
##....##...#≈≈
#..#^.#....≈≈≈≈
###(.........≈;≈≈
.#.#.((..s(s....≈#
..#..(○.§.○.....≈≈
....^..○§§§.#....≈
..:..(§§@§§...[...
#...(.§§§(..^....
.....#§§§.....#...
.....(((......>...
.......^.(........
.......#....[...).
..#...............
....°.............
....(.....#.....#.


You could see 2 orb spiders and an electric eel.

Vanquished Creatures
  A tengu reaver (D:11)
  A ghost moth (Lair:2)
  An orc warlord (Bailey)
  The ghost of Caath the Blocker, a journeyman DrFi of Okawaru (Lair:5)
  Snorg (D:11)
  The ghost of gregwegmann the Cleaver, a journeyman HuBe of Trog (D:11)
  Josephine (D:14)
  Harold (D:11)
  A fire dragon (Lair:6)
  Erolcha (Orc:1)
  17 hydras
  2 boulder beetles
  3 centaur warriors
  2 ogre magi
  A death knight (D:13)
  3 catoblepae
  7 orc high priests
  2 tengu warriors
  9 two-headed ogres
  Sonja (D:11)
  A soul eater (Orc:2)
  12 skeletal warriors
  A torturous demonspawn (Orc:2)
  A necromancer (D:15)
  A wizard (D:15)
  2 gelid demonspawn (Orc:2)
  A phantasmal warrior (D:13)
  8 orc knights
  2 lindwurms (Lair:6)
  A deep elf pyromancer (D:15)
  2 orb spiders (Spider:1)
  3 deep elf zephyrmancers (D:15)
  4 cyclopes
  7 ugly things
  8 orc sorcerers
  3 wolf spiders
  A manticore (D:11)
  11 elephants
  A black mamba (shapeshifter) (D:14)
  2 molten gargoyles (Lair:6)
  A merfolk siren (Lair:2)
  An orange demon (Orc:2)
  Joseph (D:9)
  2 torpor snails (Lair:6)
  12 cane toads
  2 rust devils (D:9)
  8 black mambas
  3 gargoyles
  Psyche (D:8)
  3 centaur skeletons (D:15)
  16 komodo dragons
  4 kobold demonologists (D:9)
  A tengu conjurer (D:11)
  2 demonic crawlers (Lair:2)
  A freezing wraith (D:14)
  6 trolls
  3 polar bears
  16 blink frogs
  5 jumping spiders
  A meliai zombie (D:11)
  19 dream sheep
  A blink frog (shapeshifter) (D:13)
  A shadow (D:11)
  7 redbacks
  2 vampires
  Sigmund (D:5)
  7 tarantellas
  A human (D:9)
  8 wraiths
  6 wyverns
  4 hogs (D:9)
  55 yaks
  5 basilisks
  A neqoxec (Orc:2)
  5 steam dragons
  6 wargs
  2 redback simulacra (D:15)
  4 vampire mosquitoes
  11 water moccasins
  4 hell hounds (Lair:6)
  An acid dragon (D:8)
  Duvessa (D:4)
  3 black bears
  48 orc warriors
  An ice beast (D:7)
  6 wolves
  9 ogres
  5 centaurs
  3 boggarts (D:15)
  4 kobold brigands
  Blork the orc (D:6)
  12 bullfrogs
  A gnoll sergeant (D:6)
  2 wyvern zombies
  2 scorpions (D:6)
  A water moccasin zombie (D:5)
  A water moccasin skeleton (D:5)
  Dowan (D:4)
  6 killer bees (D:7)
  6 wights (D:8)
  5 lava snakes (Lair:6)
  3 howler monkeys
  2 hounds
  9 centaur zombies
  4 jellies
  29 orc priests
  A bullfrog skeleton (D:5)
  Ijyb (D:5)
  An iguana (D:5)
  15 orc wizards
  5 hell rats (Lair:4)
  2 killer bee zombies
  A hound skeleton (D:4)
  A howler monkey zombie (D:11)
  7 gnolls
  14 adders
  4 river rats (Sewer)
  A white imp (D:6)
  An adder skeleton (D:4)
  A worm (D:5)
  2 dart slugs
  72 orcs
  5 bats
  8 endoplasms
  7 giant cockroaches
  9 goblins
  12 hobgoblins
  20 jackals
  26 kobolds
  7 quokkas
  23 ball pythons
  4 frilled lizards
  27 rats
811 creatures vanquished.

Vanquished Creatures (collateral kills)
  A tengu warrior (D:15)
  A skeletal warrior (D:15)
2 creatures vanquished.

Vanquished Creatures (others)
  A dancing weapon (D:15)
  A tarantella (Spider:1)
  An orc priest (Orc:2)
  37 fungi
  40 plants
80 creatures vanquished.

Grand Total: 893 creatures vanquished

Notes
Turn   | Place    | Note
-------+----------+-------------------------------------------
     0 | D:1      | spiderkeys the Spriggan Enchanter began the quest for the
                  | Orb.
     0 | D:1      | Reached XP level 1. HP: 9/9 MP: 5/5
   539 | D:1      | Reached XP level 2. HP: 13/13 MP: 4/6
   816 | D:1      | Learned a level 2 spell: Ensorcelled Hibernation
  1805 | D:1      | Reached XP level 3. HP: 14/16 MP: 6/8
  1813 | D:1      | Reached skill level 4 in Hexes
  2599 | D:2      | You fall into a shaft and drop 1 floor!
  2604 | D:3      | Reached skill level 5 in Stealth
  2604 | D:3      | Reached XP level 4. HP: 21/21 MP: 10/10
  2911 | D:2      | Found a faded altar of an unknown god.
  3962 | D:3      | Reached XP level 5. HP: 24/24 MP: 4/11
  4846 | D:4      | Found a sparkling altar of Nemelex Xobeh.
  5120 | D:4      | Noticed a wraith
  5124 | D:4      | Noticed Duvessa
  5313 | D:4      | Noticed Dowan
  6350 | D:4      | HP: 1/25 [wraith (9)]
  6641 | D:4      | Killed Dowan
  6642 | D:4      | Reached skill level 1 in Fighting
  6642 | D:4      | Reached skill level 5 in Hexes
  6642 | D:4      | Reached XP level 6. HP: 25/30 MP: 8/13
  6828 | D:4      | Killed Duvessa
  8105 | D:5      | Entered Level 5 of the Dungeon
  8146 | D:5      | Reached skill level 5 in Dodging
  8153 | D:5      | Reached XP level 7. HP: 34/34 MP: 9/15
  8237 | D:5      | Found a glowing drain.
  8321 | Sewer    | Entered a sewer
  9250 | Sewer    | Reached skill level 5 in Spellcasting
  9577 | D:5      | Noticed Ijyb
  9649 | D:5      | Killed Ijyb
  9922 | D:5      | Reached skill level 6 in Hexes
 10196 | D:5      | Found a large runed translucent door.
 10196 | D:5      | Found a large runed translucent door.
 10210 | D:5      | Noticed Sigmund
 10222 | D:5      | Killed Sigmund
 10223 | D:5      | Reached XP level 8. HP: 35/39 MP: 9/17
 10817 | D:5      | Found a sacrificial altar of Ru.
 10820 | D:5      | Found a burning altar of Makhleb.
 11013 | D:6      | Reached skill level 5 in Short Blades
 11238 | D:6      | Noticed Blork the orc
 11571 | D:6      | Killed Blork the orc
 11681 | D:6      | Found a broken altar of Ashenzari.
 11705 | D:6      | Found a staircase to the Ecumenical Temple.
 11771 | D:6      | Reached skill level 7 in Hexes
 12363 | Temple   | Entered the Ecumenical Temple
 12415 | Temple   | Became a worshipper of Dithmenos the Shadowed
 12697 | D:6      | Learned a level 3 spell: Confusing Touch
 12709 | D:7      | Reached XP level 9. HP: 31/43 MP: 17/20
 12860 | D:7      | Found a flagged portal.
 12867 | Bailey   | Entered a bailey
 12872 | Bailey   | Noticed an orc warlord
 13063 | Bailey   | Found a runed translucent gate.
 13063 | Bailey   | Found a runed translucent gate.
 13063 | Bailey   | Found a runed translucent gate.
 13821 | Bailey   | Killed an orc warlord
 13822 | Bailey   | Reached skill level 8 in Hexes
 13839 | Bailey   | Identified the +9 hand crossbow of Roski {elec, rPois rC+++
                  | MP-9 Dex+2}
 13850 | Bailey   | Identified the Tome of the Ghastly Escort
 14254 | D:7      | Reached skill level 1 in Crossbows
 14787 | D:7      | Reached XP level 10. HP: 45/47 MP: 23/23
 14852 | D:7      | Reached * piety under Dithmenos
 15989 | D:8      | You fall into a shaft and drop 1 floor!
 15990 | D:9      | Noticed a two-headed ogre
 16009 | D:9      | Killed a two-headed ogre
 16010 | D:9      | Reached skill level 10 in Stealth
 16062 | D:9      | Reached skill level 9 in Hexes
 16064 | D:9      | Noticed Joseph
 16073 | D:8      | Noticed a rust devil
 16073 | D:8      | Noticed a rust devil
 16241 | D:9      | Killed Joseph
 16418 | D:9      | Noticed a soul eater
 16819 | D:9      | Found a staircase to the Orcish Mines.
 17119 | D:9      | Noticed Psyche
 17907 | D:8      | Killed Psyche
 17908 | D:8      | Reached XP level 11. HP: 51/51 MP: 24/25
 18017 | D:9      | Reached skill level 5 in Crossbows
 18020 | D:9      | Reached ** piety under Dithmenos
 18024 | D:9      | Reached skill level 10 in Dodging
 18147 | D:9      | Found a staircase to the Lair.
 18266 | D:9      | Noticed a sixfirhy
 19473 | D:10     | Entered Level 10 of the Dungeon
 19792 | D:10     | Noticed a two-headed ogre
 19938 | D:10     | Killed a two-headed ogre
 20321 | D:10     | Reached skill level 10 in Hexes
 20589 | D:9      | Learned a level 1 spell: Beastly Appendage
 20593 | D:9      | Learned a level 3 spell: Tukima's Dance
 20633 | Lair:1   | Entered Level 1 of the Lair of Beasts
 20633 | Lair:1   | Noticed a four-headed hydra
 20637 | Lair:1   | Killed a four-headed hydra
 20638 | Lair:1   | Reached skill level 1 in Transmutations
 20666 | Lair:1   | Reached *** piety under Dithmenos
 20962 | Lair:1   | Noticed a five-headed hydra
 20967 | Lair:1   | Killed a five-headed hydra
 21587 | Lair:2   | Found a hole to the Spider Nest.
 21702 | Lair:2   | Reached XP level 12. HP: 35/56 MP: 26/26
 21932 | Lair:2   | Found a staircase to the Shoals.
 22358 | Lair:2   | Noticed a seven-headed hydra
 22361 | Lair:2   | Killed a seven-headed hydra
 22362 | Lair:2   | Reached skill level 5 in Transmutations
 22409 | Lair:2   | Noticed a boulder beetle
 22421 | Lair:2   | Killed a boulder beetle
 22496 | Lair:2   | Noticed a six-headed hydra
 22497 | Lair:2   | Killed a six-headed hydra
 23854 | Lair:3   | Reached XP level 13. HP: 66/66 MP: 27/27
 23855 | Lair:3   | Reached XP level 14. HP: 70/70 MP: 28/28
 23883 | Lair:4   | Reached skill level 11 in Hexes
 24227 | Lair:4   | Reached **** piety under Dithmenos
 25721 | Lair:5   | Found a runed translucent door.
 25816 | Lair:5   | Reached skill level 10 in Spellcasting
 25925 | Lair:5   | Reached skill level 10 in Short Blades
 26200 | Lair:5   | Reached XP level 15. HP: 57/74 MP: 27/30
 27064 | Lair:5   | Reached skill level 12 in Hexes
 28477 | Lair:5   | Noticed Caath's ghost (journeyman DrFi)
 28498 | Lair:5   | Killed Caath's ghost
 28499 | Lair:5   | Reached skill level 10 in Crossbows
 28593 | Lair:6   | Entered Level 6 of the Lair of Beasts
 28617 | Lair:5   | Learned a level 5 spell: Hydra Form
 28892 | Lair:6   | Reached ***** piety under Dithmenos
 29679 | Lair:6   | Reached skill level 13 in Hexes
 30675 | Lair:6   | Found a viscous altar of Jiyva.
 30676 | Lair:6   | Found a staircase to the Slime Pits.
 31171 | Lair:6   | Found a large runed translucent door.
 31436 | Lair:6   | Found a large runed translucent door.
 32228 | Orc:1    | Entered Level 1 of the Orcish Mines
 32305 | Orc:1    | Found Dais's Antique Armour Shoppe.
 32438 | Orc:1    | Reached ****** piety under Dithmenos
 32617 | Orc:1    | Reached skill level 14 in Hexes
 32762 | Orc:1    | Noticed Erolcha
 32769 | Orc:1    | Killed Erolcha
 32770 | Orc:1    | Reached skill level 15 in Stealth
 33608 | Orc:1    | Bought a glowing hat for 210 gold pieces
 33632 | Orc:2    | Entered Level 2 of the Orcish Mines
 33632 | Orc:2    | Found a staircase to the Elven Halls.
 34046 | Orc:2    | Found Utyntamp's General Store.
 34047 | Orc:2    | Found Joijoq Qot's Distillery.
 34222 | Orc:2    | Bought 2 potions of heal wounds for 100 gold pieces
 34222 | Orc:2    | Bought a potion of curing for 30 gold pieces
 34222 | Orc:2    | Bought a potion of curing for 30 gold pieces
 34347 | Orc:2    | Reached XP level 16. HP: 51/79 MP: 28/31
 36322 | Orc:2    | Found Xyfaecyn's Antique Armour Shoppe.
 36322 | Orc:2    | Found Woonle Hoph's Book Emporium.
 36323 | Orc:2    | Found a one-way gate leading to the halls of Pandemonium.
 36327 | Orc:2    | Bought a book of Geomancy for 560 gold pieces
 36332 | Orc:2    | Learned a level 4 spell: Petrify
 36476 | D:11     | Noticed Harold
 36482 | D:11     | Killed Harold
 36483 | D:11     | Reached skill level 15 in Hexes
 36814 | D:11     | Identified the Collected Works on Nocuous Heat
 36828 | D:11     | Identified the +7 short sword "Ligisiyl" {vamp, Will+}
 36833 | D:11     | Found a hide-covered altar of Uskayaw.
 36833 | D:11     | Found a snail-covered altar of Cheibriados.
 36835 | D:11     | Found a broken altar of Ashenzari.
 36835 | D:11     | Found a shadowy altar of Dithmenos.
 37227 | D:11     | Noticed Sonja
 37231 | D:11     | Killed Sonja
 37444 | D:11     | Noticed Snorg
 37452 | D:11     | Killed Snorg
 37820 | D:11     | Found a runed translucent door.
 37822 | D:11     | Noticed gregwegmann's ghost (journeyman HuBe)
 37861 | D:11     | Noticed a tengu reaver
 37862 | D:11     | Killed gregwegmann's ghost
 37864 | D:11     | Killed a tengu reaver
 38567 | D:13     | Found a gate to the Vaults.
 39319 | D:14     | Noticed Josephine
 39330 | D:14     | Killed Josephine
 39763 | D:15     | Entered Level 15 of the Dungeon
 40014 | D:15     | Found an ornate altar of the Wu Jian Council.
 40273 | D:15     | Reached XP level 17. HP: 88/88 MP: 32/32
 40285 | D:15     | Found a staircase to the Depths.
 40289 | D:15     | Reached skill level 1 in Earth Magic
 40351 | D:15     | Reached skill level 16 in Hexes
 40976 | Spider:1 | Entered Level 1 of the Spider Nest
 41586 | Lair:2   | Reached skill level 10 in Evocations
 41609 | Lair:2   | Reached skill level 15 in Dodging
 42075 | Spider:1 | Blown up by an orb spider

Illustrated notes

Levels and vault maps discovered:
D:1:      dpeg_arrival_water_temple_mockup, layout_basic
D:2:      layout_rooms, basic_ecumenical_altar, minmay_distorted
D:3:      layout_basic, solitary_fountain, kennysheep_generic_room_12
D:4:      layout_layer_cave, lemuel_tele_altar, nrook_uturn, kennysheep_doodads,
          minmay_fractal_squares_diagonal_5, uniq_duvessa
D:5:      layout_rooms, jmf_multi_god_temple2, gup_sewer_entry_glass,
          serial_rivers, chequers_serial_rivers_large_b,
          chequers_serial_rivers_micro_b, chequers_serial_rivers_small_a,
          chequers_serial_rivers_micro_a, chequers_serial_rivers_room_b,
          chequers_serial_rivers_large_a, uniq_ijyb, uniq_sigmund
D:6:      layout_rooms, ashenzari_conservatory_becter,
          minmay_temple_entry_waves, hangedman_decor_growths, uniq_blork_the_orc
D:7:      kennysheep_windowed_halls, layout_gridville, enter_bailey_2
D:8:      cheibrodos_iron_armory, layout_loops_ring, minmay_misc_feat_cross
D:9:      layout_irregular_city, dpeg_oklobed_lair, erik_orc_3, grunt_livestock,
          serial_park_tiny_2, uniq_psyche, uniq_joseph
D:10:     layout_basic
D:11:     minmay_the_grid_octo_2x2 [minmay_the_grid_octo_chip,
          minmay_the_grid_octo_clover_2, minmay_the_grid_octo_shrine,
          minmay_the_grid_octo_prize_ultimate_mussel_roller], layout_long_grid,
          ebering_ghost_inner_flame, uniq_harold, uniq_sonja, uniq_snorg
D:12:     layout_basic
D:13:     layout_long_grid, david_vaults_2
D:14:     layout_irregular_city, minmay_door_square, nrook_loot_triangle,
          uniq_josephine
D:15:     grunt_enter_depths_magical_seal, layout_gridville,
          nzn_wu_jian_contemplation
Temple:   compressed_dpeg_circular_temple
Lair:1:   layout_roguey, grunt_megastairs_3
Lair:2:   layout_roguey, minmay_shoals_entry_lonely_mermaid,
          spider_nest_entry_rubble, grunt_forest_small_clearing_treed,
          grunt_megastairs_1, serial_bayou_shore_b
Lair:3:   layout_concentric_octagons
Lair:4:   layout_concentric_octagons
Lair:5:   layout_hall_layers, ebering_ghost_reflecting_pool, beast_lair_carwin_6
Lair:6:   cheibrodos_lair_end_hotspot, layout_cellular_growth, slime_altar_1
Spider:1: layout_spider_delve
Orc:1:    layout_caves, serial_shops, shop, uniq_erolcha
Orc:2:    pf_orc_diabolical, layout_diamond_mine

Skill      XL: |  1  2  3  4  5  6  7  8  9 10 11 12 13 14 15 16 17 |
---------------+----------------------------------------------------+-----
Dodging        | 3 4 5 6 7 8 9 10 11 12 13 14 15 | 15.0
Spellcasting   | 3 4 5 6 8 9 10 | 10.0
Hexes          | 4 5 6 7 8 9 10 11 14 15 16 | 16.1
Short Blades   | 2 3 4 5 7 8 9 10 11 12 | 12.8
Stealth        | 5 6 7 9 10 12 13 15 | 15.1
Fighting       | 1 2 6 9 |  9.7
Crossbows      | 1 4 7 8 9 10 | 10.0
Transmutations | 4 6 8 9 |  9.3
Evocations     | 7 9 10 | 10.1
Earth Magic    | 2 |  2.1

Action                   |  1- 3 |  4- 6 |  7- 9 | 10-12 | 13-15 | 16-18 || total
-------------------------+-------+-------+-------+-------+-------+-------++-------
Melee: Dagger            |   149 |   160 |       |    56 |       |       ||   365
       Short sword       |       |    85 |   389 |   286 |   503 |   389 ||  1652
       Unarmed           |       |       |       |       |    22 |       ||    22
 Fire: Hand crossbow     |       |       |    12 |   123 |   279 |   113 ||   527
 Cast: Corona            |    34 |    10 |     2 |     1 |     3 |     5 ||    55
       Ensorcelled Hiber |       |    59 |    99 |   100 |   245 |   113 ||   616
       Confusing Touch   |       |       |     3 |     8 |    44 |    35 ||    90
       Hydra Form        |       |       |       |       |     1 |       ||     1
       Tukima's Dance    |       |       |       |       |       |    14 ||    14
       Petrify           |       |       |       |       |       |     1 ||     1
Evoke: Wand              |       |       |    17 |       |       |       ||    17
  Use: Scroll            |       |     8 |     8 |     8 |     3 |       ||    27
       Potion            |       |       |     1 |     8 |     2 |     4 ||    15
 Stab: Sleeping          |     6 |    46 |    38 |    75 |   136 |   121 ||   422
       Distracted        |       |     1 |       |     2 |     1 |       ||     4
       Confused          |       |       |     3 |    13 |    47 |    40 ||   103
       Paralysed         |       |       |     3 |       |       |       ||     3
       Invisible         |       |       |       |       |     4 |       ||     4
       Petrified         |       |       |       |       |       |     1 ||     1
Armor: Robe              |    15 |    19 |    52 |    16 |     8 |       ||   110
       Skin              |       |       |       |       |     5 |       ||     5
       Troll leather arm |       |       |       |       |     3 |    33 ||    36
Dodge: Dodged            |   127 |   236 |   469 |   355 |   644 |   357 ||  2188
Block: Other             |       |       |       |       |    40 |    68 ||   108
       Reflection        |       |       |       |       |     1 |     1 ||     2

Table legend: (Time is in decaauts)
 A = Elapsed time spent in this place.
 B = Non-inter-level travel time spent in this place.
 C = Inter-level travel time spent in this place.
 D = Time resting spent in this place.
 E = Time spent auto-exploring this place.
 F = Levels seen in this place.
 G = Mean time per level.
                   A        B        C        D        E       F      G
               +--------+--------+--------+--------+--------+-----+--------+
         Total |  33841 |  32879 |    962 |   7910 |  17956 |  27 | 1253.4 |
       Dungeon |  18401 |  17789 |    612 |   4343 |  10049 |  15 | 1226.7 |
        Temple |     49 |     38 |     11 |      0 |     17 |   1 |   49.0 |
          Lair |  10067 |   9807 |    260 |   2615 |   5389 |   6 | 1677.8 |
   Spider Nest |     92 |     92 |      0 |      0 |      0 |   1 |   92.0 |
  Orcish Mines |   3183 |   3106 |     77 |    627 |   1387 |   2 | 1591.5 |
         Sewer |   1179 |   1179 |      0 |    323 |    556 |   1 | 1179.0 |
        Bailey |    867 |    867 |      0 |      0 |    557 |   1 |  867.0 |
               +--------+--------+--------+--------+--------+-----+--------+

Top non-repeatable levels by time:
  Lair:5: 2699 daAuts
     D:9: 2488 daAuts
     D:1: 2338 daAuts
  Lair:6: 2173 daAuts
   Orc:2: 2160 daAuts
     D:5: 2114 daAuts
     D:3: 2042 daAuts
  Lair:2: 2005 daAuts
  Lair:4: 1719 daAuts
     D:4: 1608 daAuts
     D:7: 1495 daAuts
   Sewer: 1179 daAuts
    D:11: 1050 daAuts
   Orc:1: 1022 daAuts
     D:8: 1022 daAuts
